 Dungeon Crawl Stone Soup version 0.27.0-1-g7a089689b8 (webtiles) character file.

Game seed: 9762148710838672178

273 SnakkuSnakku7 the Skirmisher (level 6, -17/52 HPs)
             Began as a Mummy Warper on Aug 12, 2021.
             Blown up by Ijyb (20 damage)
             ... with a mindburst bolt
             ... on level 4 of the Dungeon.
             The game lasted 00:04:16 (2978 turns).

SnakkuSnakku7 the Skirmisher (Mummy Warper)         Turns: 2978, Time: 00:04:16

Health: -17/52     AC:  9    Str: 17    XL:     6   Next: 3%
Magic:  10/10      EV:  9    Int: 12    God:
Gold:   161        SH:  0    Dex: 11    Spells: 10/10 levels left

rFire    x x .     SeeInvis .   b - +2 dagger (venom)
rCold    + + +     Faith    .   (no shield)
rNeg     + + +     Spirit   .   f - +0 ice dragon scales
rPois    ∞         Reflect  .   (no helmet)
rElec    .         Harm     .   (no cloak)
rCorr    .         Rampage  .   (no gloves)
Will     .....                  (no boots)
Stlth    ..........             (no amulet)
HPRegen  0.17/turn              (no ring)
MPRegen  0.12/turn              (no ring)

@: no status effects
A: cold resistance 1, negative energy resistance 3, torment resistance 2, heat
vulnerability 1, no potions
a: no special abilities


You were on level 4 of the Dungeon.
You visited 1 branch of the dungeon, and saw 4 of its levels.

You collected 161 gold pieces.

Inventory:

Hand Weapons
 a - a +0 mace
 b - a +2 dagger of venom (weapon)
Armour
 e - a +0 leather armour
 f - +0 ice dragon scales (worn)
Jewellery
 k - a ring of protection from cold
Scrolls
 c - a scroll of blinking
 g - a scroll of identify
 h - a scroll of fog {unknown}
 i - 2 scrolls of magic mapping {unknown}
 l - a scroll of noise


   Skills:
 + Level 6.3 Fighting
 - Level 1.7 Maces & Flails
 - Level 0.7 Throwing
 - Level 0.7 Armour
 - Level 1.5 Dodging
 - Level 2.6 Spellcasting
 - Level 2.4 Translocations


You had 10 spell levels left.
You didn't know any spells.
Your spell library contained the following spells:

 Spells                   Type           Power      Damage    Failure   Level
 Blink                    Tloc           N/A        N/A       54%         2
 Gell's Gravitas          Tloc           3%         N/A       78%         3
 Lesser Beckoning         Tloc           3%         N/A       78%         3
 Teleport Other           Tloc           7%         N/A       78%         3
 Manifold Assault         Tloc           7%         N/A       100%        5


Dungeon Overview and Level Annotations

Branches:
Dungeon (4/15)
 Temple: D:4-7

Altars:
Cheibriados
Qazlal
Vehumet

Shops:
D:3 (

Annotations:
D:4 Ijyb


Innate Abilities, Weirdness & Mutations

You are immune to poison.
Your flesh is cold resistant. (rC+)
You are immune to negative energy. (rN+++)
You are immune to unholy pain and torment.
You are vulnerable to heat. (rF-)
You do not drink.


Message History

Ijyb zaps a wand.
You struggle to resist.
There is a stone staircase leading up here.
You see here 4 gold pieces.
You now have 161 gold pieces (gained 4).
There is a stone staircase leading up here.
You climb upwards.
There is a stone staircase leading down here.
You start resting.
HP restored.
You climb downwards.
Level annotation: Ijyb
There is a stone staircase leading up here.
You hit Ijyb but do no damage. Ijyb hits you but does no damage.
You closely miss Ijyb.
Ijyb drinks a potion.
Ijyb seems to speed up.
You closely miss Ijyb. Ijyb completely misses you.
Ijyb zaps a wand.
Your mind is blasted!
You completely miss Ijyb.
Ijyb zaps a wand.
Your mind is blasted!
Ouch! That really hurt!
* * * LOW HITPOINT WARNING * * *
You hit Ijyb but do no damage.
Ijyb is poisoned.
Ijyb closely misses you.
Ijyb zaps a wand.
Your mind is blasted!
* * * LOW HITPOINT WARNING * * *
You aren't carrying any items that you can evoke.
Unknown command.
You can't drink.
Unknown command.
Blink to where?
Press: ? - help, Dir - move target
As you read the scroll of blinking, it crumbles to dust.
You aren't carrying any items that you can evoke.
Unknown command.
You can't drink.
Unknown command.
As you read the scroll labelled GEUSASA HUAM, it crumbles to dust.
It is a scroll of identify.
l - a scroll of noise
As you read the scroll labelled CUM YTEAHEANA, it crumbles to dust.
The creatures around you are filled with an inner flame!
It was a scroll of immolation.
Ijyb zaps a wand.
Your mind is blasted!
You die...

########
#......#
#......#
#......#
#......#
#......# #
#......###
.
#@........
.
####g.....
# #...#.#
#...# .
#..?#
#.g?#
#...#
#...#
#...#


You could see Ijyb (fast, inner flame, poisoned).

Vanquished Creatures
  2 orc priests (D:3)
  A bullfrog skeleton (D:4)
  An orc wizard (D:3)
  A statue (D:4)
  A hound skeleton (D:4)
  A gnoll (D:1)
  4 adders
  2 worms (D:2)
  3 dart slugs
  5 orcs
  9 endoplasms
  4 giant cockroaches
  10 hobgoblins
  6 kobolds
  3 quokkas
  6 ball pythons
  6 bats
  3 frilled lizards
  6 goblins
  5 rats
79 creatures vanquished.

Vanquished Creatures (others)
  A goblin (D:4)
1 creature vanquished.

Grand Total: 80 creatures vanquished

Notes
Turn   | Place    | Note
-------+----------+-------------------------------------------
     0 | D:1      | SnakkuSnakku7 the Mummy Warper began the quest for the Orb.
     0 | D:1      | Reached XP level 1. HP: 16/16 MP: 4/4
    74 | D:1      | Found a faded altar of an unknown god.
   130 | D:1      | Reached XP level 2. HP: 9/23 MP: 5/5
   314 | D:1      | Reached skill level 3 in Fighting
   414 | D:1      | Reached XP level 3. HP: 15/29 MP: 7/7
   988 | D:2      | Reached skill level 4 in Fighting
  1007 | D:2      | Reached XP level 4. HP: 36/37 MP: 8/8
  1586 | D:3      | Reached skill level 5 in Fighting
  1586 | D:3      | Reached XP level 5. HP: 32/44 MP: 9/9
  1609 | D:3      | Found a stormy altar of Qazlal.
  1609 | D:3      | Found a snail-covered altar of Cheibriados.
  1654 | D:3      | Found Nochil's Antique Weapon Shop.
  2207 | D:4      | Found a radiant altar of Vehumet.
  2207 | D:4      | Noticed a frost-covered statue
  2224 | D:4      | Killed a frost-covered statue
  2311 | D:4      | Reached skill level 6 in Fighting
  2542 | D:4      | Identified the +3 leather armour "Ewnutoz" {rC+ Dex+2}
  2596 | D:4      | Noticed a phantom
  2895 | D:4      | Reached XP level 6. HP: 39/52 MP: 10/10
  2895 | D:4      | Noticed Ijyb
  2973 | D:4      | HP: 2/52 [disintegration (11)]
  2978 | D:4      | Blown up by Ijyb

Illustrated notes

Levels and vault maps discovered:
D:1:      dpeg_arrival_rooms_c, layout_basic, hellmonk_ecumenical_altar_zigzags,
          minmay_misc_feat_more_columns, serial_park_tiny_2
D:2:      layout_basic
D:3:      minmay_recursive_quarters, layout_basic,
          gammafunk_temple_overflow_statue, serial_shops,
          nicolae_shop_statue_plus, amcnicky_mini_pool_small
D:4:      layout_basic, vehumet_statue, uniq_ijyb

Skill      XL: |  1  2  3  4  5 |
---------------+----------------+-----
Fighting       | 3 4 5 6 |  6.3
Maces & Flails | |  1.7
Throwing       | |  0.7
Armour         | |  0.7
Dodging        | |  1.5
Spellcasting   | |  2.6
Translocations | |  2.4

Action                   |  1- 3 |  4- 6 || total
-------------------------+-------+-------++-------
Melee: Dagger            |   101 |   161 ||   262
       Mace              |     6 |       ||     6
Throw: Boomerang         |       |     5 ||     5
  Use: Scroll            |       |     3 ||     3
Armor: Leather armour    |     5 |       ||     5
       Ice dragon scales |    63 |    69 ||   132
Dodge: Dodged            |    59 |    63 ||   122
